 Dungeon Crawl Stone Soup version 0.30.0-29-ga12c61a403 (webtiles) character file.

Game seed: 13752204357113272066

118 LustLizard the Conjurer (level 5, 0/33 HPs)
             Began as an Octopode Conjurer on June 8, 2023.
             Slain by a sleepcap (8 damage)
             ... on level 4 of the Dungeon.
             The game lasted 00:04:39 (3581 turns).

LustLizard the Conjurer (Octopode Conjurer)         Turns: 3581, Time: 00:04:40

Health: 0/33       AC:  1    Str:  8    XL:     5   Next: 2%
Magic:  0/8        EV: 13    Int: 21    God:
Gold:   1275       SH:  0    Dex: 10    Spells: 4/9 levels left

rFire   . . .        (no weapon)
rCold   . . .        (no shield)
rNeg    + . .        (helmet restricted)
rPois   .            (no amulet)
rElec   .            c - ring of Dishonour {rN+ rCorr}
rCorr   +            (no ring)
SInv    .            (no ring)
Will    .....        (no ring)
Stlth   +++          (no ring)
HPRegen 0.25/turn    (no ring)
MPRegen 0.11/turn    (no ring)
                     (no ring)

%: no passive effects
@: no status effects
A: almost no armour, amphibious, 8 rings, camouflage 1, gelatinous body 1,
(nimble swimmer 1), tentacles
a: no special abilities


You were on level 4 of the Dungeon.
You visited 1 branch of the dungeon, and saw 4 of its levels.

You collected 1275 gold pieces.

Inventory:

Jewellery
 c - the ring of Dishonour (left tentacle) {rN+ rCorr}
   (You acquired it on level 2 of the Dungeon)

   [ring of positive energy]

   rN:        It protects you from negative energy.
   rCorr:     It protects you from acid and corrosion.
Wands
 l - a wand of charming (10)
Scrolls
 b - a scroll of poison {unknown}
 f - a scroll of noise {unknown}
 g - a scroll of fear {unknown}
 i - a scroll of silence {unknown}
 j - 2 scrolls of teleportation {unknown}
 o - a scroll of immolation {unknown}
 p - a scroll of enchant weapon {unknown}
Potions
 a - a potion of magic
 d - 2 potions of curing
 e - 2 potions of brilliance
 h - a potion of flight
 k - a potion of heal wounds {unknown}
 m - a potion of might {unknown}
 n - 2 potions of resistance


   Skills:
 + Level 1.5 Fighting
 - Level 2.0 Dodging
 + Level 4.0 Stealth
 + Level 2.6 Spellcasting
 * Level 4.9 Conjurations
 * Level 1.0 Hexes


You had 4 spell levels left.
You knew the following spells:

 Your Spells              Type           Power      Damage    Failure   Level
a - Magic Dart            Conj           92%        1d7       1%          1
b - Fulminant Prism       Conj/Hex       7%         3d7       38%         4

Your spell library contained the following spells:

 Spells                   Type           Power      Damage    Failure   Level
 Searing Ray              Conj           46%        2d6       2%          2
 Kiss of Death            Conj/Necr      52%        2d9       4%          1
 Dazzling Flash           Conj/Hex       30%        N/A       12%         3
 Stone Arrow              Conj/Erth      26%        3d8       16%         3
 Call Imp                 Summ           4%         N/A       22%         2
 Mephitic Cloud           Conj/Pois/Air  9%         N/A       22%         3
 Confusing Touch          Hex            7%         N/A       26%         3
 Iskenderun's Mystic Bla  Conj/Tloc      13%        2d5       45%         4
 Dispel Undead            Necr           2%         3d7       80%         4
 Conjure Ball Lightning   Conj/Air       6%         3x3d6     100%        6
 Discord                  Hex            3%         N/A       100%        8
 Disjunction              Tloc           1%         N/A       100%        8
 Lehudib's Crystal Spear  Conj/Erth      6%         10d3      100%        8
 Animate Armour           Summ/Erth      Unusable   N/A       N/A         4

Dungeon Overview and Level Annotations

Branches:
Dungeon (4/15)
 Temple: D:4-7

Altars:

Annotations:
D:2 Terence


Innate Abilities, Weirdness & Mutations

You cannot wear most types of armour.
You are amphibious.
You can wear up to eight rings at the same time.
Your skin changes colour to match your surroundings (Stealth+).
Your rubbery body absorbs attacks. (AC +1, EV +1)
((You are camouflaged when in or above water. (Stealth+)))
You have tentacles for arms and can constrict up to eight enemies at once.


Message History

The sleepcap is moderately damaged.
The magic dart hits the sleepcap.
The sleepcap is moderately damaged.
The magic dart hits the sleepcap but does no damage.
The sleepcap is moderately damaged.
The sleepcap misses you.
You tentacle-slap the sleepcap but do no damage.
You grab the sleepcap.
The sleepcap is moderately damaged.
You constrict the sleepcap, but do no damage.
The sleepcap barely misses you.
The magic dart hits the sleepcap.
The sleepcap is moderately damaged.
You constrict the sleepcap. The sleepcap misses you.
The magic dart hits the sleepcap.
The sleepcap is heavily damaged.
You constrict the sleepcap. The sleepcap releases spores at you!
The magic dart hits the sleepcap.
The sleepcap is heavily damaged.
You constrict the sleepcap, but do no damage.
The sleepcap misses you.
The magic dart hits the sleepcap.
The sleepcap is severely damaged.
You constrict the sleepcap. The sleepcap closely misses you.
The magic dart hits the sleepcap.
The sleepcap is almost destroyed.
You constrict the sleepcap, but do no damage.
The sleepcap releases spores at you!
You are engulfed in a cloud of soporific spores!
You fall asleep.
You lose your grip on the sleepcap.
The sleepcap releases spores at you!
You wake up.
* * * LOW HITPOINT WARNING * * *
You are engulfed in a cloud of soporific spores!
You are unaffected.
You tentacle-slap the sleepcap but do no damage.
You grab the sleepcap.
The sleepcap is almost destroyed.
You constrict the sleepcap. The sleepcap releases spores at you!
You die...

#.#.# #.# #.#.# #.#
#.#.# #.#
#.#.###########.#
#.#.#...........#
#######.#.#.############
...†..†<........>.......
#######.#.#.####.#######
#@#.#..........#
......f.#.#..........#
#########.#........§.#
#.#..........#
..#......§.....
###....≈≈≈≈≈≈≈≈≈
#....≈......[.
####.≈.≈≈.≈≈.


You could see a sleepcap.

Vanquished Creatures
  4 adders
  3 dart slugs
  An orc (D:3)
  10 ball pythons
  4 endoplasms (D:2)
  A giant cockroach (D:1)
  7 goblins
  8 hobgoblins
  2 jackals (D:4)
  8 kobolds
  4 quokkas
  6 bats
  6 frilled lizards
  6 rats
70 creatures vanquished.

Notes
Turn   | Place    | Note
-------+----------+-------------------------------------------
     0 | D:1      | LustLizard the Octopode Conjurer began the quest for the
                  | Orb.
     0 | D:1      | Reached XP level 1. HP: 11/11 MP: 3/3
   196 | D:1      | Reached XP level 2. HP: 18/18 MP: 3/5
   825 | D:1      | Reached XP level 3. HP: 20/22 MP: 4/6
   908 | D:2      | Reached skill level 1 in Fighting
   910 | D:2      | Identified 2 scrolls of acquirement
   910 | D:2      | Acquired the ring of Dishonour {rN+ rCorr}
   913 | D:2      | Acquired 1122 gold pieces
   939 | D:2      | Noticed Terence
  1804 | D:2      | Reached XP level 4. HP: 28/28 MP: 5/7
  1830 | D:2      | Learned a level 4 spell: Fulminant Prism
  1834 | D:2      | Found a faded altar of an unknown god.
  2598 | D:3      | Identified the +3 ring mail "Turuz" {rElec rPois Will-
                  | SInv}
  3182 | D:3      | Identified the +0 leather armour "Xydoadeh" {Rampage rC-
                  | Str+2 Slay+2}
  3383 | D:4      | Reached skill level 1 in Hexes
  3383 | D:4      | Reached XP level 5. HP: 33/33 MP: 3/8
  3581 | D:4      | Slain by a sleepcap

Illustrated notes

Levels and vault maps discovered:
D:1:      minmay_arrival_wavy_path, layout_basic,
          nicolae_concentric_dashed_squares_mild
D:2:      cheibrodos_helix_gallery, layout_loops_corners,
          ebering_ecumenical_altar_webs, kennysheep_generic_room_7, uniq_terence
D:3:      layout_basic
D:4:      layout_basic, fedhas_ov_isle_minmay,
          mainiacjoe_overflow_concentric_impassable, minmay_temple_entry_hall

Skill      XL: |  1  2  3  4  5 |
---------------+----------------+-----
Stealth        | 3 4 |  4.0
Fighting       | 1 |  1.5
Hexes          | 1 |  1.0
Dodging        | |  2.0
Spellcasting   | |  2.6
Conjurations   | |  4.9

Action                     |  1- 3 |  4- 6 || total
---------------------------+-------+-------++-------
  Melee: Unarmed           |    11 |     2 ||    13
         Constrict         |     5 |     2 ||     7
   Cast: Magic Dart        |    71 |    75 ||   146
    Use: Scroll            |     4 |     3 ||     7
   Stab: Sleeping          |     1 |       ||     1
 Armour: Skin              |     6 |       ||     6
  Dodge: Dodged            |    14 |     9 ||    23
